AoeStats
← Dolph

Arena

505606586Analyzed
1v1 RM · 23d ago on Sep 10, 2026· 21m 43s· 2 players
Game mode
Random Map
Map size
Tiny (2 player)
Population
200
Speed
Normal
Resources
Standard
Victory
Conquest
Starting age
Dark Age
Ending age
Imperial Age
RankedLock teamsTeams togetherTeam positionsShared explorationLock speedFull tech treeHidden civsTurbo modeCheats
Victory
Defeat
🇦🇷 Gurjaras · Argentina
1075
+17
🇨🇱 Mongols · Chile
1107
-17
JoackoMaga
10:39 Feudal Age
11:14 Loom
15:11 Castle Age
16:53 Forging
Dolph
11:08 Feudal Age
14:46 Castle Age
14:19 Double-Bit Axe
14:15 Horse Collar
16:19 Bow Saw
Connection lost

Rejoining the realm…

Still unreachable

The connection could not be restored.

Session expired

The server has moved on; the page needs a fresh start.